 Dungeon Crawl Stone Soup version 0.30-a0-1085-g990a428a5c (webtiles) character file.

Game seed: 12116280326275099525

30 fortdeath9 the Trooper (level 3, 0/31 HPs)
             Began as a Draconian Berserker on Apr 16, 2023.
             Was a Believer of Trog.
             Slain by a cerulean imp
             ... wielding a +2 spear
             ... summoned by Natasha
              (4 damage)
             ... on level 4 of the Dungeon.
             The game lasted 00:03:56 (765 turns).

fortdeath9 the Trooper (Draconian Berserker)         Turns: 765, Time: 00:03:57

Health: 0/31       AC:  5    Str: 21    XL:     3   Next: 5%
Magic:  3/3        EV: 12    Int:  7    God:    Trog [**....]
Gold:   77         SH:  0    Dex: 10    Spells: 2/2 levels left

rFire   . . .      SeeInvis .    a - +0 mace
rCold   . . .      Faith    .    (no shield)
rNeg    . . .      Spirit   .    (body armour unavailable)
rPois   .          Reflect  .    (helmet restricted)
rElec   .          Rampage  .    (no cloak)
rCorr   .                        (no gloves)
Will    .....                    (no boots)
Stlth   +                        (no amulet)
HPRegen 0.25/turn                (no ring)
MPRegen 0.08/turn                (no ring)

@: slowed, very slow
A: AC +5, unfitting armour, cold-blooded
a: Renounce Religion, Berserk, Trog's Hand


You were on level 4 of the Dungeon.
You worshipped Trog.
Trog was pleased with you.
You visited 1 branch of the dungeon, and saw 3 of its levels.

You collected 77 gold pieces.

Inventory:

Hand Weapons
 a - a +0 mace (weapon)
Scrolls
 b - a scroll of fog
 c - a scroll of identify
 i - a scroll of butterflies {unknown}
Potions
 d - a potion of heal wounds {unknown}
 e - a potion of degeneration {unknown}
 f - a potion of lignification {unknown}
 g - a potion of brilliance {unknown}
 h - a potion of might {unknown}
 j - a potion of haste {unknown}
 k - a potion of mutation {unknown}


   Skills:
 + Level 3.6 Fighting
 + Level 3.3 Maces & Flails
 + Level 3.2 Dodging
 + Level 0.4 Stealth


You had 2 spell levels left.
You didn't know any spells.
Your spell library was empty.

Dungeon Overview and Level Annotations

Branches:
Dungeon (2/15)

Altars:

Annotations:
D:4 Natasha


Innate Abilities, Weirdness & Mutations

Your plain brown scales are hard. (AC +5)
You cannot fit into any form of body armour.
You are cold-blooded and may be slowed by cold attacks.


Message History

The shaft crumbles and collapses.
Natasha, Servant of Life and Death comes into view.
Natasha hisses angrily.
Natasha claws you!
You barely miss Natasha. Natasha barely misses you.
You closely miss Natasha.
Your tail-slap misses Natasha.
Natasha claws you.
Natasha mumbles some strange words.
You feel disoriented. Natasha barely misses you.
You sock Natasha!
Natasha is heavily wounded.
Natasha claws you.
You hit Natasha.
Natasha is severely wounded.
Natasha mumbles some strange words.
You hit Natasha but do no damage.
Natasha is severely wounded.
Natasha stares at you and mumbles some strange words.
You feel yourself slow down.
You hit Natasha.
Natasha is almost dead.
Natasha casts a spell.
The cerulean imp hits you from afar with a +0 spear.
Natasha claws you.
The cerulean imp hits you but does no damage.
Natasha attacks as you move away! Natasha claws you.
* * * LOW HITPOINT WARNING * * *
Natasha howls an incantation.
You feel troubled.
Natasha casts a spell.
The cerulean imp hits you from afar with a +0 spear.
* * * LOW HITPOINT WARNING * * *
Natasha howls an incantation.
Natasha's front paws start to glow.
Natasha claws you but does no damage.
As you read the scroll labelled AFUPNUGOSO, it crumbles to dust.
It is a scroll of identify.
b - a scroll of fog The cerulean imp hits you from afar with a +2 spear.
You die...

########.#
#........#
#.########
#.# #.#
#@#########
#.h55......
#.##5#####.
#.. ... ###
....# #.#.#
.#.# .. #
##


You could see Natasha and 3 cerulean imps.

Vanquished Creatures
  2 ball pythons (D:1)
  4 bats (D:1)
  4 endoplasms
  2 goblins (D:1)
  2 hobgoblins (D:1)
  4 jackals (D:1)
  2 quokkas (D:1)
  A frilled lizard (D:1)
  5 rats
26 creatures vanquished.

Notes
Turn   | Place    | Note
-------+----------+-------------------------------------------
     0 | D:1      | fortdeath9 the Draconian Berserker began the quest for the
                  | Orb.
     0 | D:1      | Reached XP level 1. HP: 19/19 MP: 1/1
   208 | D:1      | Reached XP level 2. HP: 26/26 MP: 2/2
   478 | D:1      | Reached ** piety under Trog
   507 | D:1      | Reached XP level 3. HP: 28/31 MP: 3/3
   748 | D:2      | You fall into a shaft and drop 2 floors!
   754 | D:4      | Noticed Natasha
   765 | D:4      | Slain by a cerulean imp

Illustrated notes

Levels and vault maps discovered:
D:1:      spicycebolla_green_bress_n_ham_2, layout_basic
D:2:      layout_loops_corners, basic_altar, chequers_ecumenical_altar_simple,
          uniq_sigmund
D:4:      layout_basic, mainiacjoe_overflow_cross_hatched, uniq_natasha

Skill      XL: |  1 |
---------------+----+-----
Dodging        | 3 |  3.2
Fighting       | |  3.6
Maces & Flails | |  3.3
Stealth        | |  0.4

Action                     || total
---------------------------++-------
  Melee: Mace              ||    94
         Tailslap          ||     9
         Punch             ||     1
    Use: Scroll            ||     1
 Armour: Skin              ||    43
  Dodge: Dodged            ||    80

Table legend: (Time is in decaauts)
 A = Elapsed time spent in this place.
 B = Non-inter-level travel time spent in this place.
 C = Inter-level travel time spent in this place.
 D = Time resting spent in this place.
 E = Time spent auto-exploring this place.
 F = Levels seen in this place.
 G = Mean time per level.
                   A        B        C        D        E       F      G
               +--------+--------+--------+--------+--------+-----+--------+
         Total |    792 |    783 |      9 |      0 |    386 |   3 |  264.0 |
       Dungeon |    792 |    783 |      9 |      0 |    386 |   3 |  264.0 |
               +--------+--------+--------+--------+--------+-----+--------+

Top non-repeatable levels by time:
     D:1: 695 daAuts
     D:2: 77 daAuts
     D:4: 19 daAuts
